 Dungeon Crawl Stone Soup version 0.19-a0-1498-g0b85ae9 (webtiles) character file.

45 rlgrobin the Poker (level 3, -2/29 HPs)
             Began as a Demigod Warper on Sept 10, 2016.
             Killed from afar by an orc wizard (7 damage)
             ... with a magic dart
             ... on level 3 of the Dungeon.
             The game lasted 00:06:35 (1938 turns).

rlgrobin the Poker (Demigod Warper)                 Turns: 1938, Time: 00:06:36

Health: -2/29      AC:  3    Str: 14    XL:     3   Next: 25%
Magic:  4/8        EV: 12    Int: 19    God:
Gold:   44         SH:  0    Dex: 15    Spells: 2 memorised, 2 levels left

rFire  . . .     SeeInvis .     a - +0 spear
rCold  . . .     Gourm    .     b - +0 leather armour
rNeg   . . .     Faith    .     (no shield)
rPois  .         Spirit   .     (no helmet)
rElec  .         Dismiss  .     (no cloak)
rCorr  .         Reflect  .     (no gloves)
MR     .....     Harm     .     (no boots)
Stlth  +.........               (no amulet)
                                (no ring)
                                (no ring)

@: very slightly contaminated
A: high mp 1
a: no special abilities


You were on level 3 of the Dungeon.
You were hungry.

You visited 1 branch of the dungeon, and saw 3 of its levels.

You collected 44 gold pieces.

Inventory:

Hand Weapons
 a - a +0 spear (weapon)
Missiles
 e - 4 tomahawks of dispersal
 h - 85 stones (quivered)
Armour
 b - a +0 leather armour (worn)
 n - a +0 pair of gloves
Scrolls
 d - 2 scrolls of identify {unknown}
 o - a scroll of magic mapping {unknown}
Potions
 i - a potion of lignification {unknown}
 j - 2 potions of curing {unknown}
 k - a potion of resistance {unknown}
 p - a potion of flight {unknown}
 q - a potion of invisibility {unknown}
Books
 c - a book of Spatial Translocations

   Spells                             Type                      Level
   a - Apportation                    Translocation                1
   b - Blink                          Translocation                2
   c - Shroud of Golubria             Charms/Translocation         2
   d - Portal Projectile              Translocation                3
   e - Teleport Other                 Translocation                3
   f - Passage of Golubria            Translocation                4
 m - a book of Enchantments

   Spells                             Type                      Level
   a - Cause Fear                     Hexes                        4
   b - Yara's Violent Unravelling     Hexes/Transmutation          5
   c - Silence                        Hexes/Air                    5
   d - Deflect Missiles               Charms/Air                   6
   e - Haste                          Charms                       6
   f - Discord                        Hexes                        8
Comestibles
 f - 3 bread rations
 g - a slice of pizza
 l - a beef jerky
 r - 2 fruits


   Skills:
 - Level 1.7 Fighting
 - Level 3.4 Polearms
 - Level 0.8 Throwing
 - Level 0.8 Armour
 - Level 1.7 Dodging
 + Level 0.2 Stealth
 - Level 1.7 Spellcasting
 - Level 2.6 Translocations


You had 2 spell levels left.
You knew the following spells:

 Your Spells              Type           Power        Failure   Level  Hunger
a - Apportation           Tloc           ##........   10%         1    #......
q - Blink                 Tloc           N/A          12%         2    ###....


Dungeon Overview and Level Annotations

Branches:
Dungeon (3/15)

Annotations:
D:2 Jessica, Sigmund


Innate Abilities, Weirdness & Mutations

You have an increased reservoir of magic. (+10% MP)


Message History

That would be overly suicidal.
Okay, then.
Unknown command.
You are too injured to fight recklessly!
The orc wizard hits you but does no damage.
The orc wizard hits you with a dagger. The orc wizard hits you with a dagger.
* * * LOW HITPOINT WARNING * * *
Casting: Blink
Confirm with . or Enter, or press ? or * to list all spells.
You miscast Blink.
You are very lightly contaminated with residual magic.
Nothing appears to happen.
The orc wizard barely misses you.
Casting: Blink
Confirm with . or Enter, or press ? or * to list all spells.
You blink.
The orc wizard is no longer moving quickly.
The orc wizard gestures at you while chanting.
The magic dart hits you!
You die...

########
#######......#
#........###.#
.#####..# #.#
###.###.#o@###.#
.......ยง....##.#
.##.###.#...##.#
#####...##.#####
...............#
####...######.#
##>## #.# #.# #.#
#$# ##.##


You could see an orc wizard.

Vanquished Creatures
  4 giant geckos
  2 ball pythons (D:1)
  3 bats
  A giant cockroach (D:1)
  4 goblins (D:1)
  4 hobgoblins
  5 jackals
  A quokka (D:1)
  4 giant newts
  3 kobolds (D:1)
  8 rats
39 creatures vanquished.

Notes
Turn   | Place    | Note
-------+----------+-------------------------------------------
     0 | D:1      | rlgrobin the Demigod Warper began the quest for the Orb.
     0 | D:1      | Reached XP level 1. HP: 17/17 MP: 5/5
    18 | D:1      | Reached skill level 2 in Polearms
   432 | D:1      | Reached XP level 2. HP: 19/24 MP: 7/7
   533 | D:1      | Learned a level 2 spell: Blink
   672 | D:1      | Reached skill level 3 in Polearms
   986 | D:2      | Reached XP level 3. HP: 29/29 MP: 8/8
   998 | D:2      | Noticed Jessica
  1171 | D:2      | Noticed Sigmund
  1938 | D:3      | Killed from afar by an orc wizard

Vault maps used:
D:1:      minmay_arrival_jagged
D:2:      serial_bayou_pond_c, uniq_iyjb, uniq_jessica, uniq_sigmund
D:3:      uniq_grinder, uniq_terence, uniq_crazy_yiuf_cottage

Skill      XL: |  1  2 |
---------------+-------+-----
Polearms       | 2 3 |  3.4
Fighting       | |  1.7
Throwing       | |  0.8
Armour         | |  0.8
Dodging        | |  1.7
Stealth        | |  0.2
Spellcasting   | |  1.7
Translocations | |  2.6

Action                   || total
-------------------------++-------
Melee: Spear             ||   186
Throw: Stone             ||     5
       Tomahawk          ||     1
 Cast: Blink             ||     4
  Use: Scroll            ||     1
 Stab: Distracted        ||     1
       Sleeping          ||     1
  Eat: Chunk             ||     3
Armor: Leather armour    ||    25
Dodge: Dodged            ||    87
